AoeStats
← [PSCH] R!ce

African Clearing

506683234Analyzed
3v3 RM · 18d ago on Sep 14, 2026· 18m 6s· 6 players
Game mode
Random Map
Map size
Normal (6 player)
Population
200
Speed
Normal
Resources
Standard
Victory
Conquest
Starting age
Dark Age
Ending age
Imperial Age
RankedLock teamsTeams togetherTeam positionsShared explorationLock speedFull tech treeHidden civsTurbo modeCheats
Victory
Defeat
🇨🇭 Vietnamese · Switzerland
1460
+15
🇨🇭 Gurjaras · Switzerland
1419
+16
🇨🇭 Berbers · Switzerland
1346
+19
🇩🇰 Persians · Denmark
1455
-18
🇩🇪 Burgundians · Germany
1412
-16
🇺🇸 Spanish · United States
1411
-16
[PSCH] R!ce
7:29 Loom
12:12 Feudal Age
12:58 Double-Bit Axe
15:43 Fletching
[PSCH] wolverito
2:52 Loom
12:56 Feudal Age
[PSCH] Girithron
5:49 Loom
13:22 Feudal Age
17:03 Castle Age
16:16 Bloodlines
17:23 Scale Barding Armor
18:13 Double-Bit Axe
nQRLY
7:40 Loom
P1nGp0nG
9:04 Double-Bit Axe
13:00 Feudal Age
14:04 Bow Saw
13:36 Horse Collar
17:48 Loom
20:31 Castle Age
Gush
10:34 Loom
12:20 Feudal Age
17:13 Castle Age
15:46 Double-Bit Axe
16:22 Horse Collar
Connection lost

Rejoining the realm…

Still unreachable

The connection could not be restored.

Session expired

The server has moved on; the page needs a fresh start.